 Dungeon Crawl Stone Soup version 0.24-a0-84-g25a2d9f (webtiles) character file.

Game seed: 13685998801019516660

83 Blackhawk the Skirmisher (level 4, -1/35 HPs)
             Began as a Demonspawn Abyssal Knight on Feb 7, 2019.
             Was a Believer of Lugonu.
             Slain by an orc
             ... wielding a +1 dagger of venom
              (4 damage)
             ... on level 3 of the Dungeon.
             The game lasted 00:02:59 (2487 turns).

Blackhawk the Skirmisher (DsAK)                     Turns: 2487, Time: 00:03:00

Health: -1/35      AC: 10    Str: 16    XL:     4   Next: 22%
Magic:  6/6        EV:  7    Int: 13    God:    Lugonu [**....]
Gold:   97         SH:  0    Dex: 13    Spells: 3/3 levels left

rFire    . . .     SeeInvis .   a - +1 hand axe
rCold    . . .     Gourm    .   (no shield)
rNeg     . . .     Faith    .   t - +0 chain mail
rPois    .         Spirit   .   (no helmet)
rElec    .         Reflect  .   (no cloak)
rCorr    .         Harm     .   m - +1 pair of gloves
MR       .....                  (no boots)
Stlth    ..........             g - amulet of inaccuracy (curse)
HPRegen  0.11/turn              k - +3 ring of strength
MPRegen  0.10/turn              (no ring)

@: lethally poisoned (-1 -> -8)
A: nightstalker 1
a: Depart the Abyss, Bend Space, Renounce Religion


You were on level 3 of the Dungeon.
You worshipped Lugonu.
Lugonu was pleased with you.
You were not hungry.

You visited 1 branch of the dungeon, and saw 3 of its levels.
You visited the Abyss 1 time.

You collected 97 gold pieces.

Inventory:

Hand Weapons
 a - a +1 hand axe (weapon)
Armour
 b - a +0 leather armour
 m - a +1 pair of gloves (worn)
 t - a +0 chain mail (worn)
Jewellery
 g - a cursed amulet of inaccuracy (around neck)
 k - a +3 ring of strength (left hand)
Scrolls
 e - 3 scrolls of identify {unknown}
 i - a scroll of blinking {unknown}
 j - a scroll of immolation {unknown}
 o - a scroll of magic mapping {unknown}
 u - a scroll of remove curse {unknown}
Potions
 d - a potion of brilliance {unknown}
 f - a potion of haste {unknown}
 h - 2 potions of flight {unknown}
 l - a potion of mutation {unknown}
 n - a potion of agility {unknown}
 p - a potion of resistance {unknown}
 q - a potion of curing
 r - a potion of might {unknown}
 v - a potion of cancellation {unknown}
Comestibles
 c - 3 rations
 s - 2 chunks of flesh


   Skills:
 + Level 3.5 Fighting
 + Level 2.4 Axes
 + Level 2.4 Armour
 + Level 1.7 Dodging
 + Level 3.3 Invocations


You had 3 spell levels left.
You didn't know any spells.
Your spell library was empty.

Dungeon Overview and Level Annotations

Branches:
Dungeon (3/15)

Altars:


Innate Abilities, Weirdness & Mutations

You are slightly more attuned to the shadows.


Message History

The orc is almost dead.
* * * LOW HITPOINT WARNING * * *
You feel very sick. The orc hits you but does no damage.
The orc priest calls upon Beogh to heal the orc.
The orc is healed somewhat.
It was a potion of curing.
You feel better. The orc hits you but does no damage.
You hit the orc.
The orc is severely wounded.
The orc hits you but does no damage.
You are poisoned.
You closely miss the orc.
The orc is severely wounded.
You feel sick. The orc hits you but does no damage.
The orc priest invokes the aid of Beogh against you.
Beogh smites you!
* * * LOW HITPOINT WARNING * * *
The orc hits you with a +1 dagger of venom.
You die...

#.....#
#.<...#####
#.........#
#.....##.##
#........#
#.####.###
#( ##..# ..
#..## # #@##
#o# #oo#
..go.
........
##........
...........
##..<......#


You could see an orc priest, 3 orcs and a hobgoblin.

Vanquished Creatures
  A gnoll (D:1)
  An adder (D:2)
  3 worms
  3 dart slugs
  2 leopard geckos (D:1)
  8 bats
  3 giant cockroaches
  5 goblins
  8 hobgoblins
  2 kobolds (D:2)
  5 frilled lizards
  5 rats
46 creatures vanquished.

Notes
Turn   | Place    | Note
-------+----------+-------------------------------------------
     0 | Abyss:1  | Blackhawk the Demonspawn Abyssal Knight began the quest for
                  | the Orb.
     0 | Abyss:1  | Reached XP level 1. HP: 18/18 MP: 2/2
     6 | Abyss:1  | Found a hide-covered altar of Uskayaw.
    38 | Abyss:1  | Noticed a green death
    39 | D:1      | Escaped the Abyss
    46 | D:1      | Reached skill level 1 in Dodging
    46 | D:1      | Gained mutation: You are slightly more attuned to the
                  | shadows. [demonic ancestry]
    46 | D:1      | Reached XP level 2. HP: 15/24 MP: 2/4
   446 | D:1      | Reached * piety under Lugonu
   660 | D:1      | Reached XP level 3. HP: 29/29 MP: 5/5
  1596 | D:2      | Reached ** piety under Lugonu
  1976 | D:2      | Reached XP level 4. HP: 35/35 MP: 6/6
  2487 | D:3      | Slain by an orc

Levels and vault maps discovered:

Skill      XL: |  1  2  3 |
---------------+----------+-----
Axes           | 2 |  2.4
Armour         | 2 |  2.4
Dodging        | 1 |  1.7
Invocations    | 3 |  3.3
Fighting       | |  3.5

Action                   |  1- 3 |  4- 6 || total
-------------------------+-------+-------++-------
Melee: Hand axe          |   157 |    44 ||   201
Invok: Depart the Abyss  |     1 |       ||     1
  Use: Potion            |       |     1 ||     1
 Stab: Sleeping          |     5 |     1 ||     6
  Eat: Chunk             |     3 |     2 ||     5
Armor: Leather armour    |    46 |     6 ||    52
       Chain mail        |       |    17 ||    17
Dodge: Dodged            |   111 |    14 ||   125

Table legend:
 A = Non-vault XP
 B = Vault XP
 C = Vault XP percentage of total XP
 D = Non-vault monster count
 E = Vault monster count
 F = Vault count percentage of total count
                 A         B        C        D         E       F
            +---------+---------+-------+---------+---------+-------
      Total |     119 |       0 |   0.0 |      46 |       0 |   0.0
            +---------+---------+-------+---------+---------+-------
        D:1 |      59 |       0 |   0.0 |      25 |       0 |   0.0
        D:2 |      53 |       0 |   0.0 |      19 |       0 |   0.0
        D:3 |       7 |       0 |   0.0 |       2 |       0 |   0.0
            +---------+---------+-------+---------+---------+-------
